 Dungeon Crawl Stone Soup version 0.17.1-2-g5865329 (webtiles) character file.

3039 Lonerover the Fighter (level 9, -15/86 HPs)
             Began as a Yellow Draconian Berserker on Jan 27, 2016.
             Was a Priest of Trog.
             Demolished by an orc warrior
             ... wielding a +0 scimitar
              (24 damage)
             ... on level 8 of the Dungeon.
             The game lasted 00:53:47 (8130 turns).

Lonerover the Fighter (Yellow Draconian Berserker)  Turns: 8130, Time: 00:53:48

Health: -15/86     AC:  9    Str: 24    XL:     9   Next: 56%
Magic:  9/9        EV: 10    Int:  7    God:    Trog [***...]
Gold:   233        SH: 12    Dex:  8    Spells: 0 memorised, 8 levels left

rFire  + + .     SeeInvis .     u - +0 falchion
rCold  . . .     Clarity  .     (armour unavailable)
rNeg   + + .     SustAt   .     c - +2 shield
rPois  .         Gourm    .     (helmet restricted)
rElec  .         Spirit   .     (no cloak)
rCorr  +         Warding  +     n - +0 pair of gloves
rMut   .         Stasis   .     m - +0 pair of boots
MR     ++...                    s - amulet of warding
Stlth  +.........               d - ring of protection from fire
                                l - ring of positive energy

@: manticore barbs, regenerating, very resistant to hostile enchantments, very
unstealthy
A: spit acid, acid resistance, unfitting armour, clumsy 1, fire resistance 1,
cold-blooded, AC +7
a: Spit Acid, Berserk, Trog's Hand, Burn Spellbooks, Renounce Religion


You were on level 8 of the Dungeon.
You worshipped Trog.
Trog was most pleased with you.
You were not hungry.

You visited 2 branches of the dungeon, and saw 9 of its levels.

You collected 419 gold pieces.
You spent 186 gold pieces at shops.

Inventory:

Hand Weapons
 u - a +0 falchion (weapon)
Armour
 c - a +2 shield (worn)
 m - a +0 pair of boots (worn)
 n - a +0 pair of gloves (worn)
Jewellery
 d - a ring of protection from fire (right hand)
 j - an uncursed ring of positive energy
 l - a ring of positive energy (left hand)
 o - an uncursed ring of magical power
 s - an amulet of warding (around neck)
Wands
 r - a wand of fire (9)
 B - a wand of random effects (33)
 D - a wand of draining (6)
Scrolls
 e - 6 scrolls of remove curse
 f - a scroll of magic mapping {unknown}
 g - 9 scrolls of identify
 h - a scroll of fog
 y - a scroll of enchant armour
 A - a scroll of enchant weapon {unknown}
Potions
 i - 2 potions of haste
 q - a potion of curing
 t - a potion of flight {unknown}
 v - a potion of degeneration {unknown}
 w - 2 potions of cancellation {unknown}
 C - a potion of agility {unknown}
Books
 k - a Fen Folio

   Spells                             Type                      Level
   a - Corpse Rot                     Necromancy                   2
   b - Stone Arrow                    Conjuration/Earth            3
   c - Leda's Liquefaction            Hexes/Earth                  4
   d - Summon Forest                  Summoning/Translocation      5
   e - Hydra Form                     Transmutation                6
   f - Summon Hydra                   Summoning                    7
   Trog disapproves of the use of such an item.
 x - a Grand Grimoire

   Spells                             Type                      Level
   a - Monstrous Menagerie            Summoning                    6
   b - Summon Greater Demon           Summoning                    7
   c - Malign Gateway                 Summoning/Translocation      7
   d - Summon Horrible Things         Summoning                    8
   Trog disapproves of the use of such an item.
Comestibles
 a - 4 chunks of flesh
 b - 4 bread rations
 z - a royal jelly


   Skills:
 * Level 10.3 Fighting
 * Level 9.2 Long Blades
 - Level 2.6 Dodging
 + Level 4.6 Shields


You had 8 spell levels left.
You didn't know any spells.

Dungeon Overview and Level Annotations

Branches:
Dungeon (8/15)             Temple (1/1) D:4
   Lair: D:8-11

Altars:
Cheibriados
Dithmenos
Elyvilon
Fedhas
Gozag
Kikubaaqudgha
Makhleb
Nemelex Xobeh
Okawaru
Qazlal
Ru
Sif Muna
Trog
Vehumet
Xom
Yredelemnul
Zin
The Shining One

Shops:
D:4 ?   D:7 %   D:8 ?

Annotations:
D:8 Lonerover's ghost, novice TrMo


Innate Abilities, Weirdness & Mutations

You can spit globs of acid.
You are resistant to acid.
Your golden yellow scales are hard (AC +7).
Your body does not fit into most forms of armour.
You are cold-blooded and may be slowed by cold attacks.
You are clumsy. (Dex -2)
Your flesh is heat resistant.


Message History

The orc warrior is moderately wounded.
The orc warrior hits you with a scimitar!
* * * LOW HITPOINT WARNING * * *
You are too injured to fight recklessly!
You are too injured to fight recklessly!
You are too injured to fight recklessly!
The barbs in your skin will harm you if you move.
Continue? [Y]es or [N]o only, please.
The barbs in your skin will harm you if you move.
Continue?
Uppercase [Y]es or [N]o only, please.
The barbs in your skin will harm you if you move.
Continue?
The barbed spikes dig painfully into your body as you move.
* * * LOW HITPOINT WARNING * * *
The barbed spikes dig painfully into your body as you move.
* * * LOW HITPOINT WARNING * * *
Your skin crawls.
You feel resistant to hostile enchantments.
You feel slightly more hungry.
The orc warrior hits you with a scimitar!!
You die...

######### #.......# ##.......#
.........# ##......## ######
##### ......(.# #.Ho.# ##≈≈≈##
##......#####)##@# #≈≈≈≈≈#
#####..<..ooH##.# #≈≈∩≈≈# ..
#......####.####≈≈.≈≈# #.
#......# #.#....≈.≈## #. #......#
#.#......#########
#.###......####..........)......
##..###.......####......#########
.....[...........................
###.###.......###############.###


You could see a manticore and an orc warrior.

Vanquished Creatures
  A two-headed ogre (D:8)
  A hungry ghost (D:7)
  A hippogriff (D:7)
  The ghost of Alfatuber the Magician, an amateur HuWz of Sif Muna (D:5)
  A sky beast (D:8)
  An ice beast (D:8)
  4 ogres
  2 phantoms
  2 centaurs
  2 crocodiles (D:7)
  Blork the orc (D:6)
  5 giant frogs
  A wyvern skeleton (D:7)
  3 scorpions
  3 crimson imps
  A giant frog skeleton (D:4)
  5 hounds
  3 orc wizards
  3 orc priests
  A centaur skeleton (D:8)
  An iguana (D:8)
  4 worker ants
  A worker ant zombie (D:5)
  12 adders
  3 gnolls (D:5)
  A shadow imp (D:7)
  An ooze (D:3)
  5 worms
  12 orcs
  6 bats
  9 giant cockroaches
  8 goblins
  5 hobgoblins
  8 jackals
  8 giant geckos
  A giant gecko zombie (D:5)
  6 giant newts
  A jackal skeleton (D:4)
  10 kobolds
  A quokka (D:8)
  A quokka zombie (D:5)
  9 rats
  8 fungi (D:5)
  4 plants (D:5)
167 creatures vanquished.

Notes
Turn   | Place    | Note
--------------------------------------------------------------
     0 | D:1      | Lonerover the Draconian Berserker began the quest for the Orb.
     0 | D:1      | Reached XP level 1. HP: 19/19 MP: 1/1
   125 | D:1      | Reached XP level 2. HP: 25/27 MP: 2/2
   335 | D:1      | Reached skill level 4 in Fighting
   646 | D:2      | Reached ** piety under Trog
   649 | D:2      | Reached XP level 3. HP: 30/33 MP: 3/3
  1174 | D:3      | Reached XP level 4. HP: 28/41 MP: 4/4
  1262 | D:3      | Reached skill level 5 in Fighting
  1298 | D:3      | Noticed a centaur
  1312 | D:3      | Reached XP level 5. HP: 17/48 MP: 5/5
  1317 | D:3      | Killed a centaur
  1766 | D:3      | Reached *** piety under Trog
  1772 | D:3      | Found a shadowy altar of Dithmenos.
  1837 | D:3      | Reached skill level 6 in Fighting
  1837 | D:3      | Reached skill level 5 in Long Blades
  1837 | D:3      | Reached XP level 6. HP: 13/57 MP: 6/6
  2217 | D:3      | Found a bloodstained altar of Trog.
  2217 | D:3      | Found a basalt altar of Yredelemnul.
  2607 | D:4      | Found a staircase to the Ecumenical Temple.
  2747 | D:4      | Found a sacrificial altar of Ru.
  2920 | D:4      | Found a stormy altar of Qazlal.
  3015 | D:4      | Your scales start taking on a golden yellow colour.
  3015 | D:4      | Reached XP level 7. HP: 49/64 MP: 7/7
  3217 | D:4      | Reached skill level 7 in Fighting
  3392 | D:4      | Found Hivioschu's Magic Scroll Shop.
  3395 | D:4      | Bought a scroll of enchant armour for 82 gold pieces
  3395 | D:4      | Bought a scroll of identify for 22 gold pieces
  3395 | D:4      | Bought a scroll of enchant armour for 82 gold pieces
  3476 | Temple   | Entered the Ecumenical Temple
  3606 | D:5      | Entered Level 5 of the Dungeon
  3792 | D:5      | Noticed Alfatuber's ghost (amateur HuWz)
  3802 | D:5      | Reached skill level 1 in Shields
  3825 | D:5      | Killed Alfatuber's ghost
  4652 | D:5      | Found a blossoming altar of Fedhas.
  5019 | D:5      | HP: 3/67 [giant frog (8)]
  5349 | D:5      | Reached skill level 8 in Fighting
  5349 | D:5      | Reached XP level 8. HP: 72/74 MP: 8/8
  5420 | D:6      | Noticed Blork the orc
  5432 | D:6      | Killed Blork the orc
  5561 | D:6      | Found an iron altar of Okawaru.
  5948 | D:6      | Found a blossoming altar of Fedhas.
  6132 | D:7      | Reached skill level 9 in Fighting
  6431 | D:7      | Found Daatat's Food Shop.
  6668 | D:7      | Reached XP level 9. HP: 76/84 MP: 9/9
  6726 | D:8      | Reached **** piety under Trog
  6747 | D:8      | Found Ihoeh's Magic Scroll Shop.
  6984 | D:8      | Reached skill level 10 in Fighting
  7025 | D:8      | Found a shadowy altar of Dithmenos.
  7041 | D:8      | Noticed Lonerover's ghost (novice TrMo)
  7093 | D:8      | Gained mutation: You are clumsy. (Dex -2) [mutagenic meat]
  7310 | D:8      | Gained mutation: Your flesh is heat resistant. [mutagenic meat]
  8111 | D:8      | Noticed a manticore
  8130 | D:8      | Demolished by an orc warrior

Action                   |  1- 3 |  4- 6 |  7- 9 || total
-------------------------+-------+-------+-------++-------
Melee: Falchion          |   102 |   206 |   639 ||   947
Invok: Berserk           |     1 |     2 |     2 ||     5
       Trog's Hand       |       |     2 |     6 ||     8
 Abil: Spit Acid         |       |       |    18 ||    18
  Use: Scroll            |     1 |     5 |    10 ||    16
       Potion            |       |     7 |     2 ||     9
 Stab: Paralysed         |       |     2 |       ||     2
  Eat: Chunk             |     1 |     7 |     8 ||    16
       Meat ration       |       |     1 |     3 ||     4
       Fruit             |       |       |     1 ||     1
       Bread ration      |       |       |     1 ||     1
       Beef jerky        |       |       |     1 ||     1
